 Dungeon Crawl Stone Soup version 0.19.0-16-g73b5abf (webtiles) character file.

65 Chiseanne the Magician (level 3, -2/24 HPs)
             Began as a Demonspawn Wizard on Nov 10, 2016.
             Slain by a kobold
             ... wielding a +0 club
              (3 damage)
             ... on level 2 of the Dungeon.
             The game lasted 00:02:49 (3168 turns).

Chiseanne the Magician (Demonspawn Wizard)          Turns: 3168, Time: 00:02:49

Health: -2/24      AC:  2    Str:  7    XL:     3   Next: 94%
Magic:  1/8        EV: 12    Int: 20    God:
Gold:   57         SH:  0    Dex: 11    Spells: 4 memorised, 0 levels left

rFire  . . .     SeeInvis .     a - +1 club
rCold  . . .     Gourm    .     f - +0 robe
rNeg   + . .     Faith    .     (no shield)
rPois  .         Spirit   .     b - +0 hat
rElec  .         Reflect  .     (no cloak)
rCorr  .         Harm     .     (no gloves)
MR     .....                    (no boots)
Stlth  ++........               (no amulet)
                                (no ring)
                                h - ring of positive energy

@: very slightly contaminated
A: rot immunity
a: no special abilities


You were on level 2 of the Dungeon.
You were hungry.

You visited 1 branch of the dungeon, and saw 2 of its levels.

You collected 57 gold pieces.

Inventory:

Hand Weapons
 a - a +1 club (weapon)
Missiles
 g - 88 stones (quivered)
 n - 66 arrows
Armour
 b - a +0 hat (worn)
 f - a +0 robe (worn)
Jewellery
 h - a ring of positive energy (left hand)
 r - an uncursed ring of flight {unknown}
Scrolls
 m - a scroll of fear {unknown}
Potions
 c - a potion of brilliance {unknown}
 e - a potion of degeneration {unknown}
 i - a potion of ambrosia {unknown}
 j - 2 potions of mutation {unknown}
 k - a potion of haste {unknown}
 l - 2 potions of invisibility {unknown}
 o - a potion of cure mutation {unknown}
 q - a potion of curing {unknown}
Comestibles
 d - 3 bread rations
 p - 2 beef jerkies


   Skills:
 - Level 1.7 Dodging
 - Level 1.7 Stealth
 * Level 3.8 Spellcasting
 * Level 2.7 Conjurations
   Level 1.0 Summonings
 - Level 0.8 Translocations


You couldn't memorise any spells.
You knew the following spells:

 Your Spells              Type           Power        Failure   Level  Hunger
a - Magic Dart            Conj           ##..         4%          1    None
b - Mephitic Cloud        Conj/Pois/Air  #.......     30%         3    ###....
c - Conjure Flame         Conj/Fire      #.......     24%         3    ###....
d - Blink                 Tloc           N/A          17%         2    ##.....


Dungeon Overview and Level Annotations

Branches:
Dungeon (2/15)

Altars:


Innate Abilities, Weirdness & Mutations

You are immune to rotting.


Message History

The kobold hits you with a club.
* * * LOW HITPOINT WARNING * * *
You closely miss the kobold.
The kobold is moderately wounded.
The kobold hits you but does no damage.
You closely miss the kobold.
The kobold is moderately wounded.
The kobold hits you but does no damage. The kobold hits you with a club.
* * * LOW HITPOINT WARNING * * *
You closely miss the kobold.
The kobold is moderately wounded.
The kobold hits you with a club.
* * * LOW HITPOINT WARNING * * *
You barely miss the kobold.
The kobold is moderately wounded.
The kobold misses you.
You closely miss the kobold.
The kobold is moderately wounded.
The kobold hits you with a club.
You die...

##########*
#######.........*
...........####.*
.............##.*
######.###.#.##K### # #.#
#.#....@.# # #.#
#.#..###.######### # #.#
#.#,,* #.........#######
#.###.##,###.####...........
#.....>#.....# ####.#######
****######..###.### #.# *
,,,,........# #.# #.# *
****#####...###.# #.# *
#.......# #.# *


You could see a kobold.

Vanquished Creatures
  2 adders (D:2)
  An ooze (D:1)
  A worm (D:2)
  A dart slug (D:2)
  2 leopard geckos (D:1)
  5 bats (D:1)
  6 giant cockroaches
  7 goblins
  2 hobgoblins (D:1)
  2 frilled lizards (D:1)
  A kobold (D:1)
  8 rats
38 creatures vanquished.

Notes
Turn   | Place    | Note
-------+----------+-------------------------------------------
     0 | D:1      | Chiseanne the Demonspawn Wizard began the quest for the Orb.
     0 | D:1      | Reached XP level 1. HP: 13/13 MP: 4/4
   932 | D:1      | Gained mutation: You are immune to rotting. [demonic ancestry]
   932 | D:1      | Reached XP level 2. HP: 19/19 MP: 4/6
  1795 | D:1      | Reached XP level 3. HP: 24/24 MP: 4/8
  1992 | D:2      | Learned a level 3 spell: Mephitic Cloud
  1996 | D:2      | Learned a level 3 spell: Conjure Flame
  1999 | D:2      | Learned a level 2 spell: Blink
  3166 | D:2      | HP: 1/24 [kobold/club (4)]
  3168 | D:2      | Slain by a kobold

Skill      XL: |  1  2 |
---------------+-------+-----
Conjurations   | 2 |  2.7
Dodging        | |  1.7
Stealth        | |  1.7
Spellcasting   | |  3.8
Summonings     | |  1.0
Translocations | |  0.8

Action                   || total
-------------------------++-------
Melee: Club              ||    30
       Unarmed           ||     8
Throw: Stone             ||     1
 Cast: Magic Dart        ||   111
  Use: Scroll            ||     5
  Eat: Chunk             ||     6
Armor: Robe              ||    19
Dodge: Dodged            ||    48
